Description

The supply may be outta wack - but general basic starter with roach timing, zerg and queen protection, create 1.5 overlords per injection, aim for 2 base saturation and then build roaches with +1 and speed and get 3rd hat; if timing attack with roach ravagers fails transition to hydra - spire/corruptor - then aim for lurkers to help with pesky mech

Build Order

Get SALT Encoding   

  13  0:12  Overlord  
  16  0:53  Hatchery  
  18  1:10  Extractor  
  17  1:19  Spawning Pool  
  21  2:06  Queen x2  
  22  2:08  Zergling x2  
  26  2:10  Metabolic Boost  
  27  2:20  Overlord  
  32  2:41  Queen x2  
  33  2:45  Overlord x2  creep manage; & 1.5 overlords per injection
  43  3:43  Lair  
  44  4:00  Roach Warren  
  45  4:03  Evolution Chamber  
  46  4:04  Extractor x2  
  50  4:10  Zerg Missile Weapons Level 1  
  52  4:15  Hatchery  @2base saturation - build queens if too high minerals
  52  4:16  Spore Crawler x3  
  54  4:20  Roach  2 base saturation
  60  5:30  Overseer  
  116  6:00  Ravager  attack!
  117  6:15  Hydralisk Den, Hatchery, Extractor  build army with hydra and roach
Spawning Tool Build Advisor. Get it on Overwolf

Go to:

Details

  • Created by: diacri
  • Published on: May 27, 2020
  • Modified on: May 27, 2020
  • Patch: 4.11.0
  • Difficulty: Easy
Show
View Real Time Build Order
Export as new Build Order

Comments (0)

There are no comments. Be the first!

Create an account to comment!